HBL
NEW ORLEANS BRASS @ SAN ANTONIO MISSIONS
04/06/1997
 
TOP OF THE 1ST
New Orleans Brass batting - Pitching for San Antonio Missions : RHP Rene Arocha
Pitching: RHP Rene Arocha
Batting: SHB Cecil Espy 0-0: Ball
1-0: SINGLE (Flyball, 7S, EV 90.6 MPH)
Batting: SHB Ruben Sierra 0-0: Fielders Choice at 2nd, 6-4 (Groundball, 6, EV 81.3 MPH)
Batting: RHB Scott Brosius 0-0: Foul Ball, location: 2F
0-1: Ball
1-1: Fly out, F9 (Line Drive, 9, EV 84.4 MPH)
Batting: SHB Jose L Cruz 0-0: Called Strike
0-1: Foul Ball, location: 2F
0-2: Ball
1-2: Ball
2-2: 2-RUN HOME RUN (Flyball, 9D, EV 104.4 MPH), Distance : 370 ft
Batting: RHB Carmelo Martinez 0-0: Ball
1-0: Swinging Strike
1-1: Called Strike
1-2: Foul Ball, location: 2F
1-2: Foul Ball, location: 2F
1-2: Foul Ball, location: 2F
1-2: Fly out, F4 (Popup, 34D, EV 50.0 MPH)
Top of the 1st over - 2 runs, 2 hits, 0 errors, 0 left on base; New Orleans 2 - San Antonio 0
BOTTOM OF THE 1ST
San Antonio Missions batting - Pitching for New Orleans Brass : RHP Brian Holman
Pitching: RHP Brian Holman
Batting: LHB David Hulse 0-0: Called Strike
0-1: Called Strike
0-2: Ball
1-2: Foul Ball, location: 2F
1-2: Ball
2-2: Strikes out swinging
Batting: SHB Bill Doran 0-0: Foul Ball, location: 2F
0-1: Foul Ball, location: 2F
0-2: DOUBLE (Groundball, 3L, EV 94.4 MPH)
Batting: RHB Damian Jackson 0-0: Foul Ball, location: 2F
0-1: Ground out 6-3 (Groundball, 6, EV 101.3 MPH)
Batting: RHB Orlando Miller 0-0: Called Strike
0-1: Ball
1-1: Called Strike
1-2: Foul Ball, location: 2F
1-2: Ball
2-2: Foul Ball, location: 2F
2-2: Ball
3-2: Base on Balls
Batting: RHB David Green 0-0: Ball
1-0: DOUBLE (Flyball, 78D, EV 93.1 MPH)
Bill Doran scores
Orlando Miller to third
Batting: RHB Eric Owens 0-0: Fly out, F4 (Popup, 4S, EV 59.4 MPH)
Bottom of the 1st over - 1 run, 2 hits, 0 errors, 2 left on base; New Orleans 2 - San Antonio 1
TOP OF THE 2ND
New Orleans Brass batting - Pitching for San Antonio Missions : RHP Rene Arocha
Batting: SHB Jose Vidro 0-0: Ground out U3 (Groundball, 3, EV 99.4 MPH)
Batting: LHB Greg Myers 0-0: SINGLE (Groundball, 56, EV 99.4 MPH) (infield hit)
Batting: SHB Wilson Delgado 0-0: Ball
1-0: Fielders Choice at 2nd, 4-6 (Groundball, 4, EV 93.1 MPH)
Batting: RHB Luis Ordaz 0-0: Called Strike
0-1: Ball
1-1: Swinging Strike
1-2: Ball
2-2: Foul Ball, location: 2F
2-2: Fielders Choice at 2nd, 6-4 (Groundball, 6, EV 83.8 MPH)
Top of the 2nd over - 0 runs, 1 hit, 0 errors, 1 left on base; New Orleans 2 - San Antonio 1
BOTTOM OF THE 2ND
San Antonio Missions batting - Pitching for New Orleans Brass : RHP Brian Holman
Batting: RHB Kelly Stinnett 0-0: Called Strike
0-1: Foul Ball, location: 2F
0-2: Fly out, F8 (Flyball, 8RXD, EV 95.6 MPH)
Batting: RHB Mike Matheny 0-0: Ball
1-0: Fly out, F8 (Flyball, 8LD, EV 88.1 MPH)
Batting: RHB Luis Sojo 0-0: SINGLE (Groundball, 6MD, EV 98.8 MPH)
Batting: LHB David Hulse 0-0: Called Strike
0-1: Foul Ball, location: 2F
0-2: Foul Ball, location: 2F
0-2: Fly out, F9 (Flyball, 9S, EV 91.9 MPH)
Bottom of the 2nd over - 0 runs, 1 hit, 0 errors, 1 left on base; New Orleans 2 - San Antonio 1
TOP OF THE 3RD
New Orleans Brass batting - Pitching for San Antonio Missions : RHP Rene Arocha
Batting: SHB Cecil Espy 0-0: Bunt missed!
0-1: Ball
1-1: Foul Ball, location: 2F
1-2: Fly out, F7 (Flyball, 7S, EV 89.4 MPH)
Batting: SHB Ruben Sierra 0-0: Foul Ball, location: 2F
0-1: Swinging Strike
0-2: Strikes out swinging
Batting: RHB Scott Brosius 0-0: SOLO HOME RUN (Line Drive, 89XD, EV 103.8 MPH), Distance : 412 ft
Batting: SHB Jose L Cruz 0-0: Ball
1-0: Ball
2-0: SINGLE (Line Drive, 4M, EV 102.5 MPH)
Batting: RHB Carmelo Martinez 0-0: Ball
1-0: Called Strike
1-1: Foul Ball, location: 2F
1-2: Ball
2-2: Ball
3-2: Ground out 4-3 (Groundball, 34, EV 78.8 MPH)
Top of the 3rd over - 1 run, 2 hits, 0 errors, 1 left on base; New Orleans 3 - San Antonio 1
BOTTOM OF THE 3RD
San Antonio Missions batting - Pitching for New Orleans Brass : RHP Brian Holman
Batting: SHB Bill Doran 0-0: Ball
1-0: Swinging Strike
1-1: Ball
2-1: Fly out, F8 (Flyball, 8LXD, EV 103.1 MPH)
Batting: RHB Damian Jackson 0-0: Ball
1-0: SINGLE (Flyball, 78M, EV 94.4 MPH)
Batting: RHB Orlando Miller 0-0: Ball
1-0: Called Strike
1-1: SINGLE (Flyball, 7LS, EV 98.8 MPH)
Damian Jackson to second
Batting: RHB David Green 0-0: Called Strike
Damian Jackson steals 3rd base
Orlando Miller to second
0-1: Foul Ball, location: 2F
0-2: Ball
1-2: Fly out, F7 (Flyball, 78S, EV 83.8 MPH)
Batting: RHB Eric Owens 0-0: Ball
1-0: SINGLE (Line Drive, 3D, EV 103.8 MPH)
Damian Jackson scores
Orlando Miller to third
Runner from 3rd tries for Home, SAFE, no throw by RF
Batting: RHB Kelly Stinnett 0-0: Ball
1-0: Foul Ball, location: 2F
1-1: Foul Ball, location: 2F
1-2: Fly out, F9 (Flyball, 9, EV 96.3 MPH)
Bottom of the 3rd over - 2 runs, 3 hits, 0 errors, 1 left on base; New Orleans 3 - San Antonio 3
TOP OF THE 4TH
New Orleans Brass batting - Pitching for San Antonio Missions : RHP Rene Arocha
Batting: SHB Jose Vidro 0-0: Ball
1-0: Ball
2-0: Ground out 4-3 (Groundball, 4MS, EV 75.0 MPH)
Batting: LHB Greg Myers 0-0: Ball
1-0: Foul Ball, location: 2F
1-1: SINGLE (Line Drive, 9LS, EV 105.0 MPH)
Batting: SHB Wilson Delgado 0-0: Called Strike
0-1: SINGLE (Line Drive, 78S, EV 93.1 MPH)
Greg Myers to second
Batting: RHB Luis Ordaz 0-0: Fly out, F8 (Line Drive, 8LD, EV 93.1 MPH)
Batting: SHB Cecil Espy 0-0: Ball
1-0: Swinging Strike
1-1: Ball
2-1: Fly out, F6 (Popup, P, EV 75.6 MPH)
Top of the 4th over - 0 runs, 2 hits, 0 errors, 2 left on base; New Orleans 3 - San Antonio 3
BOTTOM OF THE 4TH
San Antonio Missions batting - Pitching for New Orleans Brass : RHP Brian Holman
Batting: RHB Mike Matheny 0-0: Called Strike
0-1: Hit by Pitch
Batting: RHB Luis Sojo 0-0: Fly out, F8 (Line Drive, 8LD, EV 106.3 MPH)
Batting: LHB David Hulse 0-0: Called Strike
0-1: Ball
1-1: Foul Ball, location: 2F
1-2: Strikes out swinging
Batting: SHB Bill Doran 0-0: Foul Ball, location: 2F
0-1: Foul Ball, location: 2F
0-2: Ball
1-2: Ground out 6-3 (Groundball, 6MS, EV 77.5 MPH)
Bottom of the 4th over - 0 runs, 0 hits, 0 errors, 1 left on base; New Orleans 3 - San Antonio 3
TOP OF THE 5TH
New Orleans Brass batting - Pitching for San Antonio Missions : RHP Rene Arocha
Batting: SHB Ruben Sierra 0-0: Ball
1-0: Foul Ball, location: 2F
1-1: Ball
2-1: Ground out 5-3 (Groundball, 5L, EV 106.3 MPH)
Batting: RHB Scott Brosius 0-0: Ball
1-0: Called Strike
1-1: Ball
2-1: Ball
3-1: Called Strike
3-2: Foul Ball, location: 2F
3-2: Ground out U3 (Groundball, 3, EV 82.5 MPH)
Batting: SHB Jose L Cruz 0-0: Called Strike
0-1: Ball
1-1: Ground out 4-3 (Groundball, 4M, EV 83.1 MPH)
Top of the 5th over - 0 runs, 0 hits, 0 errors, 0 left on base; New Orleans 3 - San Antonio 3
BOTTOM OF THE 5TH
San Antonio Missions batting - Pitching for New Orleans Brass : RHP Brian Holman
Batting: RHB Damian Jackson 0-0: Ball
1-0: Ball
2-0: Foul Ball, location: 2F
2-1: Ball
3-1: Base on Balls
Batting: RHB Orlando Miller 0-0: Ball
Damian Jackson steals 2nd base
1-0: Called Strike
1-1: Ball
2-1: Fly out, F7 (Line Drive, 7, EV 106.3 MPH)
Batting: RHB David Green 0-0: Ball
1-0: Swinging Strike
1-1: Called Strike
Damian Jackson steals 3rd base (no throw)
1-2: Ball
2-2: Strikes out looking
Batting: RHB Eric Owens 0-0: Swinging Strike
0-1: Swinging Strike
0-2: Ball
1-2: Ball
2-2: Strikes out swinging
Bottom of the 5th over - 0 runs, 0 hits, 0 errors, 1 left on base; New Orleans 3 - San Antonio 3
TOP OF THE 6TH
New Orleans Brass batting - Pitching for San Antonio Missions : RHP Rene Arocha
Batting: RHB Carmelo Martinez 0-0: Ball
1-0: Foul Ball, location: 2F
1-1: Foul Ball, location: 2F
1-2: Foul Ball, location: 2F
1-2: Ball
2-2: Foul Ball, location: 2F
2-2: Foul Ball, location: 2F
2-2: Foul Ball, location: 2F
2-2: Ball
3-2: Fly out, F8 (Flyball, 8RXD, EV 105.0 MPH)
Batting: SHB Jose Vidro 0-0: Called Strike
0-1: Ball
1-1: Ground out 4-3 (Groundball, 4S, EV 80.0 MPH)
Batting: LHB Greg Myers 0-0: Ball
1-0: Swinging Strike
1-1: SINGLE (Flyball, 7LM, EV 98.8 MPH)
Batting: SHB Wilson Delgado 0-0: Called Strike
0-1: Swinging Strike
0-2: Foul Ball, location: 2F
0-2: Foul Ball, location: 2F
0-2: Foul Ball, location: 2F
0-2: Fly out, F6 (Popup, 6D, EV 58.8 MPH)
Top of the 6th over - 0 runs, 1 hit, 0 errors, 1 left on base; New Orleans 3 - San Antonio 3
BOTTOM OF THE 6TH
San Antonio Missions batting - Pitching for New Orleans Brass : RHP Brian Holman
Batting: RHB Kelly Stinnett 0-0: Ball
1-0: Ball
2-0: Called Strike
2-1: Fly out, F7 (Flyball, 7LS, EV 90.0 MPH)
Batting: RHB Mike Matheny 0-0: Fly out, F4 (Popup, 34S, EV 83.8 MPH)
Batting: RHB Luis Sojo 0-0: Swinging Strike
0-1: Swinging Strike
0-2: Ball
1-2: Ball
2-2: Strikes out swinging
Bottom of the 6th over - 0 runs, 0 hits, 0 errors, 0 left on base; New Orleans 3 - San Antonio 3
TOP OF THE 7TH
New Orleans Brass batting - Pitching for San Antonio Missions : RHP Rene Arocha
Batting: RHB Luis Ordaz 0-0: Called Strike
0-1: Foul Ball, location: 2F
0-2: Foul Ball, location: 2F
0-2: Ball
1-2: Foul Ball, location: 2F
1-2: Strikes out swinging
Pitching: RHP Steve Olin
Batting: SHB Cecil Espy 0-0: Ball
1-0: Called Strike
1-1: Foul Ball, location: 2F
1-2: Foul Ball, location: 2F
1-2: SINGLE (Groundball, 56D, EV 95.6 MPH)
Batting: SHB Ruben Sierra 0-0: Ball
1-0: Ball
2-0: Called Strike
2-1: Ball
3-1: Base on Balls
Cecil Espy to second
Batting: RHB Scott Brosius 0-0: Called Strike
0-1: Foul Ball, location: 2F
0-2: Ball
1-2: Ball
2-2: SINGLE (Line Drive, 78M, EV 110.0 MPH)
Cecil Espy to third
Ruben Sierra to second
Runner from 3rd tries for Home, SAFE, no throw by CF
Batting: SHB Jose L Cruz 0-0: Called Strike
0-1: Ball
1-1: 3-RUN HOME RUN (Flyball, 89XD, EV 101.9 MPH), Distance : 434 ft
Pitching: LHP Vince Horsman
Batting: RHB Carmelo Martinez 0-0: Ball
1-0: Ball
2-0: Foul Ball, location: 2F
2-1: Foul Ball, location: 2F
2-2: Strikes out looking
Batting: SHB Jose Vidro 0-0: Called Strike
0-1: Foul Ball, location: 2F
0-2: Foul Ball, location: 2F
0-2: Ball
1-2: Ground out U3 (Groundball, 3, EV 101.9 MPH)
Top of the 7th over - 4 runs, 3 hits, 0 errors, 0 left on base; New Orleans 7 - San Antonio 3
BOTTOM OF THE 7TH
San Antonio Missions batting - Pitching for New Orleans Brass : RHP Brian Holman
Batting: LHB David Hulse 0-0: Ball
1-0: Ball
2-0: Ground out 4-3 (Groundball, 4, EV 101.3 MPH)
Batting: SHB Bill Doran 0-0: Foul Ball, location: 2F
0-1: Foul Ball, location: 2F
0-2: Ground out 1-3 (Groundball, P, EV 83.8 MPH)
Batting: RHB Damian Jackson 0-0: Ground out 1-3 (Groundball, 34S, EV 83.8 MPH)
Bottom of the 7th over - 0 runs, 0 hits, 0 errors, 0 left on base; New Orleans 7 - San Antonio 3
TOP OF THE 8TH
New Orleans Brass batting - Pitching for San Antonio Missions : LHP Vince Horsman
Batting: LHB Greg Myers 0-0: Fly out, F5 (Popup, 5SF, EV 71.9 MPH)
Batting: SHB Wilson Delgado 0-0: Foul Ball, location: 2F
0-1: Ball
1-1: Swinging Strike
1-2: Foul Ball, location: 2F
1-2: Ball
2-2: Strikes out swinging
Batting: RHB Luis Ordaz 0-0: Called Strike
0-1: Ball
1-1: Swinging Strike
1-2: Ball
2-2: Foul Ball, location: 2F
2-2: Ground out 6-3 (Groundball, 6, EV 102.5 MPH)
Top of the 8th over - 0 runs, 0 hits, 0 errors, 0 left on base; New Orleans 7 - San Antonio 3
BOTTOM OF THE 8TH
San Antonio Missions batting - Pitching for New Orleans Brass : RHP Brian Holman
Batting: RHB Orlando Miller 0-0: Ball
1-0: Ball
2-0: DOUBLE (Groundball, 5L, EV 93.8 MPH)
Batting: RHB David Green 0-0: Ball
1-0: Fly out, F8 (Flyball, 8RM, EV 80.6 MPH)
Batting: RHB Eric Owens 0-0: Ball
1-0: Ball
2-0: Called Strike
2-1: Called Strike
2-2: Foul Ball, location: 2F
2-2: Ball
3-2: SINGLE (Line Drive, 89M, EV 88.8 MPH)
Orlando Miller to third
Batting: RHB Kelly Stinnett 0-0: Ball
1-0: Foul Ball, location: 2F
1-1: Swinging Strike
1-2: Foul Ball, location: 2F
1-2: Grounds into double play, 6-4-3 (Groundball, 6, EV 103.8 MPH)
Bottom of the 8th over - 0 runs, 2 hits, 0 errors, 1 left on base; New Orleans 7 - San Antonio 3
TOP OF THE 9TH
New Orleans Brass batting - Pitching for San Antonio Missions : LHP Vince Horsman
Batting: SHB Cecil Espy 0-0: Called Strike
0-1: Ball
1-1: Called Strike
1-2: Ball
2-2: Strikes out swinging
Batting: SHB Ruben Sierra 0-0: Ball
1-0: Foul Ball, location: 2F
1-1: Foul Ball, location: 2F
1-2: Strikes out swinging
Batting: RHB Scott Brosius 0-0: DOUBLE (Flyball, 8RXD, EV 101.3 MPH)
Pitching: RHP Terry Mathews
Batting: SHB Jose L Cruz 0-0: Called Strike
0-1: Ball
1-1: Foul Ball, location: 2F
1-2: Ball
2-2: Ball
3-2: Base on Balls
Batting: RHB Carmelo Martinez 0-0: Ball
1-0: Ball
2-0: Ball
3-0: Base on Balls
Scott Brosius to third
Jose L Cruz to second
Batting: SHB Jose Vidro 0-0: Called Strike
0-1: Ball
1-1: Ball
2-1: Called Strike
2-2: Ground out 2-3 (Groundball, 2L, EV 66.3 MPH)
Top of the 9th over - 0 runs, 1 hit, 0 errors, 3 left on base; New Orleans 7 - San Antonio 3
BOTTOM OF THE 9TH
San Antonio Missions batting - Pitching for New Orleans Brass : RHP Brian Holman
Batting: RHB Mike Matheny 0-0: Swinging Strike
0-1: Ball
1-1: Fly out, F2 (Popup, 2RF, EV 87.5 MPH)
Batting: RHB Luis Sojo 0-0: Ball
1-0: Foul Ball, location: 2F
1-1: SINGLE (Groundball, 56, EV 103.8 MPH) (infield hit)
Pitching: RHP Luis Aquino
Batting: LHB David Hulse 0-0: Ground out 4-3 (Groundball, 4S, EV 78.1 MPH)
Luis Sojo to second
Batting: SHB Bill Doran 0-0: Ball
1-0: Fly out, F8 (Line Drive, 8RM, EV 88.8 MPH)
Bottom of the 9th over - 0 runs, 1 hit, 0 errors, 1 left on base; New Orleans 7 - San Antonio 3
Thursday, January 22nd, 2026 - OOTP Baseball 20.8 Build 74